 Dungeon Crawl Stone Soup version 0.13.1-27-ga479965 (webtiles) character file.

1739 17jfinerty the Protected (level 8, -5/64 (68) HPs)
             Began as a Minotaur Berserker on Feb 21, 2014.
             Was a Priest of Trog.
             Shot with a sling bullet by Joseph (8 damage)
             ... on Level 7 of the Dungeon.
             The game lasted 01:37:22 (6972 turns).

17jfinerty the Protected (Minotaur Berserker)       Turns: 6972, Time: 01:37:23

HP  -5/64 (68)   AC 14     Str 25      XL: 8   Next: 50%
MP   2/2         EV  6     Int  4      God: Trog [***...]
Gold 258         SH  0     Dex  9      Spells:  0 memorised,  7 levels left

Res.Fire  : . . .   See Invis. : .   a - +0 hand axe {=f}
Res.Cold  : . . .   Warding    : .   f - +0 plate armour
Life Prot.: . . .   Conserve   : .   (no shield)
Res.Poison: .       Res.Corr.  : .   (helmet restricted)
Res.Elec. : .       Clarity    : .   (no cloak)
Sust.Abil.: . .     Spirit.Shd : .   (no gloves)
Res.Mut.  : .       Stasis     : .   (no boots)
Res.Rott. : .       Flight     : .   (no amulet)
Saprovore : . . .                    (no ring)
                                     (no ring)

@: slightly resistant to hostile enchantments, extremely unstealthy
A: retaliatory headbutt, horns 2
a: Burn Spellbooks, Berserk, Trog's Hand, Renounce Religion


You were on level 7 of the Dungeon.
You worshipped Trog.
Trog was most pleased with you.
You were not hungry.

You visited 1 branch of the dungeon, and saw 7 of its levels.

You collected 238 gold pieces.

Inventory:

Hand weapons
 a - a +0,+0 hand axe (weapon) {=f}
 d - a +0,+0 dwarven short sword
Armour
 b - a +0 animal skin
 f - a +0 plate armour (worn)
 i - a +0 leather armour
 k - a +0 orcish scale mail
Magical devices
 o - a wand of flame (1)
Comestibles
 p - 2 bread rations
Scrolls
 e - a scroll of amnesia {unknown}
 g - 5 scrolls of identify {unknown}
 h - a scroll of enchant weapon II {unknown}
 m - a scroll of noise {unknown}
 n - a scroll of blinking {unknown}
Jewellery
 c - an uncursed ring of poison resistance {unknown}
 q - an uncursed amulet of guardian spirit {unknown}
Potions
 j - a potion of poison
 l - a potion of heal wounds
 r - a potion of mutation {unknown}
 s - a potion of curing {unknown}


   Skills:
 + Level 5.3 Fighting
 + Level 7.2 Axes
 + Level 8.8 Armour
 + Level 5.1 Dodging
 + Level 1.8 Stealth


You had 7 spell levels left.
You didn't know any spells.

Dungeon Overview and Level Annotations

Branches:
Dungeon (7/27)             Temple (0/1) D:6
    Orc: D:6-11

Altars:
Nemelex Xobeh
Trog
Vehumet

Annotations:
D:7 Joseph


Innate Abilities, Weirdness & Mutations

You reflexively headbutt those who attack you in melee.
You have a pair of horns on your head.


Message History

* * * LOW HITPOINT WARNING * * *
You see here a sling bullet.
Joseph shoots a sling bullet.
The sling bullet misses you.
You see here a sling bullet.
Joseph shoots a sling bullet.
The sling bullet hits you!
You see here a sling bullet.
Joseph shoots a sling bullet.
The sling bullet hits you!
* * * LOW HITPOINT WARNING * * *
You see here a sling bullet.
Joseph is nearby!
Joseph is nearby!
Joseph is nearby!
Joseph is nearby!
Joseph is nearby!
Joseph is nearby!
Joseph shoots a sling bullet.
The sling bullet hits you!
* * * LOW HITPOINT WARNING * * *
You see here a sling bullet.
Joseph shoots a sling bullet.
The sling bullet hits you!
You die...

......................
.......................
.......................≈
.......................≈§
.......................§≈
................)......≈≈
...).....%.............≈≈≈
.(([...(..(......(.....≈≈≈
..))......@.....@(.....≈≈≈
...(((((.(.(.(.((......≈≈≈
..(....................≈≈§
#######################≈≈
≈§§≈≈≈≈≈≈§§§≈≈≈≈≈≈≈≈≈≈≈≈≈
≈§§≈≈≈≈≈≈≈≈§§§≈≈≈≈≈≈≈≈≈≈≈
≈≈≈≈≈≈≈≈≈≈≈≈≈≈≈≈≈≈≈≈≈≈≈≈
≈≈≈≈≈≈≈≈≈≈≈≈§≈≈≈≈≈≈≈≈≈§
≈≈≈≈≈≈≈§≈≈≈≈≈≈≈≈≈≈≈≈≈≈


You could see Joseph.

Vanquished Creatures
  Eustachio (D:5)
  Edmund (D:5)
  2 necrophages
  An ogre (D:6)
  2 sky beasts
  A giant frog (D:6)
  A crimson imp (D:5)
  A giant frog skeleton (D:6)
  6 hounds
  2 iguanas
  An orc priest (D:7)
  2 orc wizards
  7 worker ants
  3 gnolls (D:6)
  8 adders
  A giant mite (D:6)
  A worm (D:5)
  2 giant geckos
  16 orcs
  9 bats
  2 giant cockroaches
  5 goblins
  7 hobgoblins
  4 jackals (D:4)
  A giant newt (D:6)
  8 kobolds
  4 rats
99 creatures vanquished.

Notes
Turn   | Place    | Note
--------------------------------------------------------------
     0 | D:1      | 17jfinerty, the Minotaur Berserker, began the quest for the Orb.
     0 | D:1      | Reached XP level 1. HP: 19/19 MP: 0/0
     0 | D:1      | 17mthomas: Nice weapon :)
     0 | D:1      | 17jfinerty: I didnt know what to do.
     0 | D:1      | 17mthomas: Use the arrow keys to move
     4 | D:1      | 17mthomas: You killed the bat D:
     6 | D:1      | 17jfinerty: nooo. what am i doing?????
     6 | D:1      | 17mthomas: Esc to exit
     6 | D:1      | 17mthomas: I'll help you :)
    31 | D:1      | 17mthomas: Just move around with the arrow keys
    31 | D:1      | 17jfinerty: okay
    31 | D:1      | 17mthomas: Don't touch the other buttons yet
    31 | D:1      | 17mthomas: Press Esc
    37 | D:1      | 17mthomas: Yeah :)
    38 | D:1      | 17jfinerty: okay
    57 | D:1      | 17mthomas: When you step on gold it automatically picks it up
    70 | D:1      | 17jfinerty: okay
   107 | D:1      | 17mthomas: Use ',' to pick stuff up
   162 | D:1      | 17mthomas: Do you want to use that weapn?
   170 | D:1      | 17jfinerty: sure why not
   171 | D:1      | 17mthomas: Kill the rat first
   173 | D:1      | 17mthomas: Press i to open the inventory
   173 | D:1      | 17mthomas: Select the sword
   173 | D:1      | 17mthomas: And weild it with 'w'
   226 | D:1      | 17mthomas: So, if you want to, if you press 'o' you can autoexplore
   283 | D:1      | 17mthomas: Hit it
   283 | D:1      | Reached XP level 2. HP: 13/26 MP: 0/0
   303 | D:1      | 17mthomas: Press 5 to rest for 100 turns, that will heal you
   303 | D:1      | 17jfinerty: am I doing this right?
   303 | D:1      | 17mthomas: Yes
   615 | D:1      | 17mthomas: Stop pressing 5 :)
   617 | D:1      | 17jfinerty: NEVERRRRR
   638 | D:1      | 17mthomas: Okay, fine, rest too long and die of starvation >:D
   646 | D:1      | 17mthomas: Don't go down yet
   714 | D:1      | 17mthomas: Press 'o' to explore faster
   758 | D:1      | 17mthomas: Do you want to go down that or explore longer?
   758 | D:1      | 17jfinerty: What do you think i should do?
   785 | D:1      | 17mthomas: No, you do what you want :) That is how you learn at first
   857 | D:1      | 17mthomas: Press '>' to go down staircases. '<' will go up them
   983 | D:1      | 17jfinerty: Im confused
  1002 | D:1      | 17mthomas: About?
  1031 | D:1      | 17jfinerty: Im not sure
  1098 | D:1      | 17mthomas: So, the goal of the game is to go as far down as you can until you find the Orb of Zot. When you find the Orb of Zot, you have to climb up and escape the dungeon
  1098 | D:1      | 17jfinerty: okay?
  1125 | D:1      | 17mthomas: Yup :) It is really far down though. So you have to survive
  1139 | D:1      | 17mthomas: Stop moving for a second
  1140 | D:1      | 17jfinerty: okqy
  1140 | D:1      | 17mthomas: Look to the right of the screen. See where it says 'Hungry' in yellow?
  1140 | D:1      | 17jfinerty: yup
  1140 | D:1      | 17mthomas: Okay, so that means you are hungry, so press 'e'
  1144 | D:1      | 17mthomas: now you aren't hungry
  1144 | D:1      | 17jfinerty: yay
  1144 | D:1      | 17mthomas: Yes. Hunger can be a pain in the butt
  1144 | D:1      | 17mthomas: The area where the hunger thing popped up is where various status stuff pops up
  1163 | D:1      | 17jfinerty: ?
  1163 | D:1      | 17mthomas: Can I link you to some stuff to read really quick?
  1163 | D:1      | 17jfinerty: sure
  1240 | D:1      | 17mthomas: https://crawl.develz.org/other/manual.html
  1243 | D:1      | 17mthomas: Stop at Part E
  1340 | D:1      | 17mthomas: It'll give you a brief overview of the game and help you understand some stuff about it
  1340 | D:1      | 17jfinerty: how do i go down stairs?
  1340 | D:1      | 17mthomas: '>'
  1341 | D:1      | 17mthomas: Just >
  1420 | D:1      | 17mthomas: Step on top of the stairs and press >
  1424 | D:1      | 17jfinerty: im counfuest sdgz
  1431 | D:1      | 17mthomas: Step on the stairs
  1436 | D:1      | 17mthomas: Now press >
  1443 | D:1      | 17mthomas: hmmm...
  1443 | D:1      | 17mthomas: Press ?
  1443 | D:1      | 17mthomas: Press D
  1443 | D:1      | 17mthomas: Press space
  1443 | D:1      | 17mthomas: Again
  1443 | D:1      | 17mthomas: Whoops, press -
  1443 | D:1      | 17mthomas: Press space
  1443 | D:1      | 17mthomas: Okay, press Esc
  1443 | D:1      | 17mthomas: Press >
  1445 | D:2      | 17mthomas: Yes!
  1445 | D:2      | 17jfinerty: OOHHH I NEEDED TO HOLD SHIFT
  1456 | D:2      | 17mthomas: ...
  1464 | D:2      | Reached skill level 4 in Fighting
  1474 | D:2      | 17mthomas: yes
  1494 | D:2      | 17jfinerty: dont judge me. i have no idea im doing
  1500 | D:2      | 17mthomas: Haha, it is okay
  1515 | D:2      | 17mthomas: The light blue is okay to step in, that is shallow water. The dark blue is deep water and you can't step in that
  1518 | D:2      | 17jfinerty: whats with the X's?
  1545 | D:2      | 17mthomas: I honestly have never figured it out. Don't go in them though
  1547 | D:2      | 17mthomas: Uh oh... Press N
  1549 | D:2      | 17mthomas: Press I
  1549 | D:2      | 17mthomas: Press N then I
  1560 | D:2      | 17mthomas: Joanna, press N and then I :)
  1560 | D:2      | 17jfinerty: NEERREEVV
  1560 | D:2      | 17mthomas: Okay, try attacking with a piece of paper :/
  1560 | D:2      | 17mthomas: Haha
  1560 | D:2      | 17jfinerty: Im so confused
  1560 | D:2      | 17mthomas: press I
  1560 | D:2      | 17mthomas: Press a
  1560 | D:2      | 17mthomas: Press w to wield it
  1562 | D:2      | 17mthomas: Now attack
  1562 | D:2      | 17mthomas: Press space
  1565 | D:2      | 17mthomas: Yeah
  1576 | D:2      | 17mthomas: So, stop for a moment
  1589 | D:2      | 17mthomas: So, I was trying to get you to press those buttons because somehow you started attacking with a piece of apaper, haha
  1589 | D:2      | 17mthomas: :) Move on top of the leather armor and press , to pick it up
  1589 | D:2      | 17jfinerty: I was pressing those buttonssishjfhs though
  1589 | D:2      | 17mthomas: Oh
  1593 | D:2      | 17mthomas: now press i
  1653 | D:2      | 17mthomas: Select the leather armor
  1653 | D:2      | 17mthomas: Now put it on
  1653 | D:2      | 17jfinerty: how?
  1653 | D:2      | 17mthomas: look at the blue words
  1659 | D:2      | 17mthomas: yes! good job :)
  1659 | D:2      | 17jfinerty: I DID ITTT
  1675 | D:2      | 17mthomas: Honestly, you are doing pretty good :)
  1804 | D:2      | Reached XP level 3. HP: 20/33 MP: 1/1
  1805 | D:2      | 17mthomas: Whenever you see that --more--, just press space
  1806 | D:2      | 17jfinerty: okay
  1808 | D:2      | 17mthomas: You should heal
  1808 | D:2      | 17jfinerty: how do i do that?
  1808 | D:2      | 17mthomas: Press 5 once
  1909 | D:2      | 17mthomas: Yes, good
  1934 | D:3      | 17jfinerty: okay
  1943 | D:3      | 17mthomas: Yeah :)
  1953 | D:3      | 17mthomas: It is fun to watch you
  2036 | D:3      | 17mthomas: Don't go down that shaft
  2088 | D:3      | 17jfinerty: "i feel sick"
  2095 | D:3      | 17mthomas: Okay, so stop
  2096 | D:3      | 17jfinerty: stopping
  2096 | D:3      | 17mthomas: Okay, so look to the right of the screen where it says Pois
  2096 | D:3      | 17jfinerty: okay
  2096 | D:3      | 17mthomas: So, you are poisoned, there is nothing to do but wait, unless you have a potion.
  2096 | D:3      | 17mthomas: So press 5 slowly, until that Pois disappears
  2096 | D:3      | 17jfinerty: waiting
  2100 | D:3      | 17mthomas: Good! Now keep going
  2102 | D:3      | 17mthomas: Actually, heal
  2342 | D:3      | 17mthomas: Now keep going
  2530 | D:3      | 17mthomas: Attack him
  2534 | D:3      | 17jfinerty: IT WONT STOP FOLLOWING ME
  2547 | D:3      | 17mthomas: You have to kill it :)
  2549 | D:3      | 17jfinerty: why would you kill your personal stalker?
  2549 | D:3      | 17mthomas: Because it will kill you :)
  2551 | D:3      | 17jfinerty: what a creep that thing is
  2556 | D:3      | 17mthomas: ikr
  2636 | D:3      | 17jfinerty: how do you pick that up?
  2637 | D:3      | 17mthomas: ,
  2638 | D:3      | 17mthomas: Move on top of it
  2638 | D:3      | 17mthomas: y
  2638 | D:3      | 17mthomas: n
  2647 | D:3      | 17mthomas: Stop real quick
  2648 | D:3      | 17jfinerty: stopping
  2648 | D:3      | 17mthomas: okay, so on the right hand of your screen, what does it say?
  2648 | D:3      | 17jfinerty: hungry
  2648 | D:3      | 17mthomas: So what should you do? :)
  2648 | D:3      | 17jfinerty: i dont know
  2648 | D:3      | 17mthomas: Press e
  2652 | D:3      | 17mthomas: Yup :) it is okay to not know
  2652 | D:3      | 17mthomas: Now put on your new armor
  2652 | D:3      | 17jfinerty: how do i do that?
  2652 | D:3      | 17mthomas: Press i
  2652 | D:3      | 17mthomas: Select the orcish scale mail
  2662 | D:3      | 17mthomas: Yup
  2662 | D:3      | 17mthomas: And rest one time
  2763 | D:3      | 17mthomas: yes, now go fight more monsters
  2767 | D:3      | 17mthomas: good job
  2767 | D:3      | 17jfinerty: ON WERDS
  2780 | D:3      | 17mthomas: CHARGE!!
  2781 | D:3      | 17jfinerty: Lunchables now suck :(
  2781 | D:3      | 17mthomas: Why?
  2781 | D:3      | 17jfinerty: they got ickey
  2792 | D:3      | 17mthomas: What do you mean? :(
  2792 | D:3      | 17jfinerty: maybe im just eating a bad one.
  2845 | D:3      | 17mthomas: I think I've only had one in my lifetime...
  2847 | D:3      | 17mthomas: That is why I was asking
  2847 | D:3      | 17jfinerty: MATTHEW!!! HOW COULD YOUUUUUUU
  2849 | D:3      | 17mthomas: I know...
  2851 | D:3      | 17mthomas: But I have a reason for not knowing !
  2904 | D:3      | Acquired Trog's second power
  2926 | D:4      | 17jfinerty: I feel like i should get you these amazing foods
  2930 | D:4      | 17mthomas: It is okay :)
  2939 | D:4      | 17jfinerty: nope. I have to.
  2945 | D:4      | 17mthomas: Save your money
  2949 | D:4      | 17jfinerty: nope
  2949 | D:4      | 17mthomas: Yes, please
  2949 | D:4      | 17jfinerty: its going to happen.
  2954 | D:4      | 17mthomas: Nooooooo
  2979 | D:4      | 17jfinerty: nopes
  2987 | D:4      | 17mthomas: :|
  2990 | D:4      | 17jfinerty: :)
  2990 | D:4      | 17mthomas: Press esc
  3014 | D:4      | 17mthomas: Do you want to know something cool
  3018 | D:4      | 17mthomas: ?
  3018 | D:4      | 17jfinerty: sure
  3046 | D:4      | 17mthomas: You've done better than both Justin and Cameron on their first tries
  3046 | D:4      | 17jfinerty: ha! suck it!
  3057 | D:4      | 17mthomas: Yes!
  3060 | D:4      | 17jfinerty: haha
  3079 | D:4      | 17mthomas: Haha
  3086 | D:4      | 17mthomas: You can't rest when an enemy is near
  3089 | D:4      | 17mthomas: You have to attack them
  3089 | D:4      | 17jfinerty: to bad!!!
  3121 | D:4      | 17mthomas: Okay Ms SoonToBeDead
  3123 | D:4      | 17mthomas: Now you can rest
  3338 | D:4      | 17mthomas: Yup, now go fight
  3356 | D:4      | Found a bloodstained altar of Trog.
  3364 | D:4      | Reached XP level 4. HP: 30/40 MP: 1/1
  3369 | D:4      | Reached skill level 1 in Stealth
  3444 | D:4      | 17jfinerty: how do i get myself to no more poisin?
  3444 | D:4      | 17mthomas: I want to try something, see if you have any cure poisoin stuff.
  3444 | D:4      | 17mthomas: Press i
  3444 | D:4      | 17mthomas: Press j
  3444 | D:4      | 17mthomas: Now (q)uaff it
  3445 | D:4      | 17mthomas: Shoot, crap, crap, crap I am so sorry
  3445 | D:4      | 17mthomas: That was a potion of poison...
  3447 | D:4      | 17jfinerty: haha
  3448 | D:4      | 17mthomas: hmm.. press I again
  3448 | D:4      | 17mthomas: c
  3448 | D:4      | 17mthomas: (q)uaff
  3448 | D:4      | Paralysed by a potion of paralysis for 4 turns
  3457 | D:4      | 17mthomas: okay, and of course that paralyzed you... I would just rest if I were you
  3462 | D:4      | 17mthomas: Keep resting
  3468 | D:4      | 17mthomas: okay stop now
  3468 | D:4      | 17jfinerty: I think i broke it
  3468 | D:4      | 17mthomas: no, you just have really low health. Open your inventory again
  3468 | D:4      | 17jfinerty: i?
  3468 | D:4      | 17mthomas: Yup
  3468 | D:4      | 17mthomas: Press f
  3468 | D:4      | 17mthomas: quaff
  3470 | D:4      | 17mthomas: Okay, you just got health!
  3470 | D:4      | 17mthomas: I would keep resting now
  3480 | D:4      | 17mthomas: Keep going
  3556 | D:4      | 17mthomas: Yay, now heal
  3556 | D:4      | 17jfinerty: how do i do that?
  3556 | D:4      | 17mthomas: 5
  3760 | D:4      | 17mthomas: Yup, good, now go fight some more
  3771 | D:4      | 17mthomas: That was crazy
  3780 | D:4      | 17jfinerty: see what you did :)
  3802 | D:4      | Reached XP level 5. HP: 35/46 MP: 1/1
  3803 | D:4      | 17mthomas: Maybe...
  3804 | D:4      | 17jfinerty: haha
  3804 | D:4      | 17mthomas: Haha
  3853 | D:4      | 17jfinerty: Im pois. again
  3896 | D:4      | 17mthomas: So waht do you do? :) (It's okay if you don't know, I am just seeing if you have it remembered yet)
  3897 | D:4      | 17mthomas: Poison is gone
  3974 | D:4      | 17mthomas: ...that is really good armor...
  3974 | D:4      | 17jfinerty: then what do i do?
  3974 | D:4      | 17mthomas: Pick it up and wear it
  3974 | D:4      | 17mthomas: ,
  3977 | D:4      | 17mthomas: And wear it
  3977 | D:4      | 17jfinerty: I?
  3977 | D:4      | 17mthomas: Yup
  3994 | D:4      | 17jfinerty: right?
  3994 | D:4      | 17mthomas: Yes! See! You're getting better
  4016 | D:4      | 17mthomas: Now kill more monsters (I
  4023 | D:4      | 17mthomas: I'll be right back, i ahve to go to the bathroom. Also, you are hungry
  4037 | D:4      | 17jfinerty: go me!
  4122 | D:5      | Entered Level 5 of the Dungeon
  4142 | D:5      | Found a sparkling altar of Nemelex Xobeh.
  4525 | D:5      | 17jfinerty: what do i do?
  4525 | D:5      | 17mthomas: S
  4525 | D:5      | Reached XP level 6. HP: 40/53 MP: 2/2
  4559 | D:5      | 17mthomas: Sorry, the bathrrom trip turned into a conversation with my parents
  4575 | D:5      | 17jfinerty: haha
  4580 | D:5      | 17mthomas: Yeah...
  4587 | D:5      | Noticed Eustachio
  4605 | D:5      | Killed Eustachio
  4605 | D:5      | Reached skill level 5 in Axes
  4605 | D:5      | Reached skill level 5 in Armour
  4617 | D:5      | Noticed a sky beast
  4624 | D:5      | Killed a sky beast
  4631 | D:5      | Found a radiant altar of Vehumet.
  4659 | D:5      | 17jfinerty: whats that?
  4659 | D:5      | 17mthomas: I haven't told you anything about gods, but that is an altar. If you pray there you join that religion
  4659 | D:5      | 17mthomas: Do you want to do that?
  4659 | D:5      | 17mthomas: Actually, you already have a god
  4659 | D:5      | 17jfinerty: okay?
  4711 | D:5      | 17mthomas: Yeah... I can tell you about that stuff later
  4735 | D:5      | 17jfinerty: okay
  4769 | D:5      | Noticed Edmund
  4785 | D:5      | Killed Edmund
  4785 | D:5      | Reached XP level 7. HP: 15/59 MP: 2/2
  5116 | D:5      | 17mthomas: WOAH... STOP... HOLY CRAP
  5116 | D:5      | 17mthomas: Woah
  5116 | D:5      | 17jfinerty: what?
  5116 | D:5      | 17jfinerty: i dont know what im doing
  5116 | D:5      | 17mthomas: Wow, I am really proud of you :)
  5116 | D:5      | 17mthomas: Good job
  5116 | D:5      | 17jfinerty: okay? dont know what i did.
  5120 | D:5      | 17mthomas: There are unique characters, there are only one of each for each playthrough. They are hard to beat.
  5120 | D:5      | 17mthomas: Press n
  5140 | D:5      | 17mthomas: Teleportation traps teleport you
  5168 | D:5      | 17mthomas: uh oh, orc wizard, have fun :)
  5168 | D:5      | 17jfinerty: okay?
  5185 | D:5      | 17mthomas: They are tough, and usually travel in packs of other orcs
  5407 | D:5      | 17mthomas: Hungry
  5414 | D:5      | 17jfinerty: what do i do again?
  5414 | D:5      | 17mthomas: e
  5418 | D:5      | 17mthomas: Good
  5457 | D:5      | Reached skill level 6 in Armour
  5535 | D:5      | 17mthomas: I would go down stairs
  5574 | D:6      | 17mthomas: don't pick that up, your god will get angry
  5624 | D:6      | Found a staircase to the Ecumenical Temple.
  5703 | D:6      | 17jfinerty: whats that?
  5703 | D:6      | 17mthomas: It is to a temple full of gods, don't worry about it
  5703 | D:6      | 17mthomas: You don't need it because you already have a god
  5890 | D:6      | 17mthomas: Fight him
  5892 | D:6      | Reached skill level 7 in Armour
  5903 | D:6      | 17mthomas: That was also supposed to be areally hard character
  5903 | D:6      | 17jfinerty: oh
  5903 | D:6      | 17mthomas: Jeez...
  5903 | D:6      | 17jfinerty: what about this?
  5903 | D:6      | 17mthomas: Your character has horns, so you can't wear it
  5903 | D:6      | 17jfinerty: how mean
  5951 | D:6      | 17mthomas: No, because those horns are really useful :)
  6114 | D:6      | Reached XP level 8. HP: 67/67 MP: 2/2
  6443 | D:6      | 17mthomas: Are you having fun?
  6447 | D:6      | 17jfinerty: i think so
  6447 | D:6      | 17mthomas: Okay
  6716 | D:7      | Reached skill level 5 in Fighting
  6716 | D:7      | Reached skill level 8 in Armour
  6717 | D:7      | 17mthomas: That is a weird floor
  6717 | D:7      | 17mthomas: Lots of lava
  6717 | D:7      | 17jfinerty: purdy
  6759 | D:7      | 17jfinerty: whats "rot"?
  6796 | D:7      | 17mthomas: It lowered your max health by 3
  6810 | D:7      | 17jfinerty: oh
  6820 | D:7      | Reached skill level 5 in Dodging
  6924 | D:7      | Noticed Joseph
  6942 | D:7      | 17mthomas: have fun
  6969 | D:7      | HP: 3/64 [Joseph/ sling bullet (6)]
  6970 | D:7      | 17mthomas: You have low health
  6970 | D:7      | 17mthomas: You can't rest while an enemy is nearby
  6970 | D:7      | 17jfinerty: who the hell is Joseph?
  6972 | D:7      | 17mthomas: he is a unique character
  6972 | D:7      | Shot with a sling bullet by Joseph

Action                   |  1- 3 |  4- 6 |  7- 9 || total
-------------------------+-------+-------+-------++-------
Melee: Short sword       |     9 |       |       ||     9
       Hand axe          |    62 |    65 |   212 ||   339
  Use: Potion            |       |     3 |       ||     3
